 Dungeon Crawl Stone Soup version 0.27.0-1-g7a089689b8 (webtiles) character file.

Game seed: 13879623960150705567

18 H0rd4k the Insei (level 2, -1/18 HPs)
             Began as an Octopode Transmuter on Aug 2, 2021.
             Killed from afar by a dart slug (3 damage)
             ... with a slug dart
             ... on level 2 of the Dungeon.
             The game lasted 00:00:34 (1260 turns).

H0rd4k the Insei (Octopode Transmuter)              Turns: 1260, Time: 00:00:35

Health: -1/18      AC:  1    Str:  9    XL:     2   Next: 66%
Magic:  5/5        EV: 13    Int: 15    God:
Gold:   28         SH:  0    Dex: 12    Spells: 4/5 levels left

rFire    . . .     SeeInvis .     - Unarmed
rCold    . . .     Faith    .   (no shield)
rNeg     . . .     Spirit   .   (helmet restricted)
rPois    .         Reflect  .   (no amulet)
rElec    .         Harm     .   (no ring)
rCorr    .         Rampage  .   (no ring)
Will     .....                  (no ring)
Stlth    ++........             (no ring)
HPRegen  0.06/turn              (no ring)
MPRegen  0.09/turn              (no ring)
                                (no ring)
                                (no ring)

@: no status effects
A: almost no armour, amphibious, 8 rings, camouflage 1, gelatinous body 1,
(nimble swimmer 1), tentacles
a: no special abilities


You were on level 2 of the Dungeon.
You visited 1 branch of the dungeon, and saw 2 of its levels.

You collected 28 gold pieces.

Inventory:

Scrolls
 a - 3 scrolls of identify {unknown}
 c - a scroll of enchant weapon {unknown}
 d - a scroll of magic mapping {unknown}
 f - a scroll of blinking {unknown}
Potions
 b - a potion of cancellation {unknown}
 e - a potion of attraction {unknown}
 g - a potion of flight {unknown}


   Skills:
 + Level 1.0 Fighting
 + Level 2.4 Dodging
 + Level 3.5 Unarmed Combat
 + Level 2.0 Spellcasting
 + Level 2.0 Transmutations


You had 4 spell levels left.
You knew the following spells:

 Your Spells              Type           Power      Damage    Failure   Level
a - Beastly Appendage     Tmut           14%        N/A       10%         1

Your spell library contained the following spells:

 Spells                   Type           Power      Damage    Failure   Level
 Wereblood                Tmut           7%         N/A       14%         2
 Spider Form              Tmut/Pois      2%         N/A       41%         3
 Ice Form                 Ice/Tmut       4%         N/A       82%         4
 Animate Dead             Necr           0%         N/A       91%         4
 Borgnjor's Vile Clutch   Necr/Erth      0%         N/A       99%         5
 Death Channel            Necr           0%         N/A       100%        6


Dungeon Overview and Level Annotations

Branches:
Dungeon (2/15)

Altars:

Annotations:
D:2 Jessica, Sigmund


Innate Abilities, Weirdness & Mutations

You cannot wear most types of armour.
You are amphibious.
You can wear up to eight rings at the same time.
Your skin changes colour to match your surroundings (Stealth+).
Your rubbery body absorbs attacks. (AC +1, EV +1)
((You are camouflaged near water. (Stealth+)))
You have tentacles for arms and can constrict up to eight enemies at once.


Message History

Jessica is nearby!
Jessica is nearby!
Found 23 gold pieces.
Jessica is nearby!
A rat comes into view.
Found an agate ring.
There are monsters nearby!
You tentacle-slap the rat.
You kill the rat!
A kobold and a dart slug come into view.
Found a mace.
Sigmund the Dreaded comes into view.
He is wielding a +0 scythe.
The helpless Jessica fails to defend herself.
You tentacle-slap Jessica but do no damage.
Your grab misses Jessica.
The kobold shouts!
A worm comes into view.
You closely miss Jessica. Your grab misses Jessica.
Your squeeze misses Jessica. Jessica closely misses you.
The dart slug launches a dart at you. The slug dart hits you.
You tentacle-slap Jessica. You grab Jessica.
Jessica is moderately wounded.
You constrict Jessica, but do no damage.
Jessica casts a spell at you. Pain shoots through your body!
Ouch! That really hurt!
You are too injured to fight recklessly!
You are too injured to fight recklessly!
Unknown command.
You release your grip on Jessica.
Sigmund shouts!
The dart slug launches a dart at you. The slug dart hits you.
* * * LOW HITPOINT WARNING * * *
An endoplasm comes into view.
Sigmund closely misses you. The dart slug launches a dart at you.
The slug dart hits you.
You die...

...........)..#
..............#
#.............#
#.............#
#.=..........$#
#.............#
.#++w..K.>...#
#.###.w@......###
.J$....@.........
#.###@#.#.....###
...#<#.###.#
#...##### .# #.#
. #. . #


You could see Sigmund, a worm, a dart slug, Jessica, an endoplasm and a kobold.

Vanquished Creatures
  2 ball pythons (D:1)
  A bat (D:1)
  An endoplasm (D:1)
  A giant cockroach (D:1)
  2 goblins (D:1)
  2 hobgoblins (D:1)
  A quokka (D:1)
  2 frilled lizards (D:1)
  A kobold (D:1)
  4 rats
17 creatures vanquished.

Notes
Turn   | Place    | Note
-------+----------+-------------------------------------------
     0 | D:1      | H0rd4k the Octopode Transmuter began the quest for the Orb.
     0 | D:1      | Reached XP level 1. HP: 13/13 MP: 3/3
   426 | D:1      | Reached XP level 2. HP: 18/18 MP: 5/5
   740 | D:1      | Found a faded altar of an unknown god.
  1245 | D:2      | Noticed Jessica
  1252 | D:2      | Noticed Sigmund
  1260 | D:2      | Killed from afar by a dart slug

Illustrated notes

Levels and vault maps discovered:
D:1:      scummos_arrival_checkerplants, layout_basic, serial_forest,
          infiniplex_forest_diagonal, infiniplex_forest_zigzag_2,
          infiniplex_forest_straight_5, infiniplex_forest_lined_2,
          infiniplex_forest_clump_curved, ebering_ecumenical_altar_petrified
D:2:      layout_basic, serial_park_tiny_2, uniq_natasha, uniq_sigmund,
          uniq_jessica

Action                   || total
-------------------------++-------
Melee: Unarmed           ||    42
       Constrict         ||    11
       Tentacles         ||     4
 Stab: Sleeping          ||     2
Armor: Skin              ||     7
Dodge: Dodged            ||    27
